TOP OF THE 1ST |
---|
Georgia Tech Yellow Jackets batting - Pitching for Arizona State Sun Devils : LHP Mike Drake | Pitching: LHP Mike Drake | | Batting: RHB Pat Gibson | 0-0: Called Strike 0-1: Ball 1-1: Swinging Strike 1-2: Strikes out swinging | Batting: RHB Reed Brown | 0-0: Ball 1-0: Ball 2-0: Called Strike 2-1: Reached on error, E5 (Groundball, 56S) | Batting: LHB Tomás Gonsáles | 0-0: Called Strike 0-1: Swinging Strike 0-2: Strikes out looking | Batting: RHB David Boyle | 0-0: Swinging Strike 0-1: Foul Ball, location: 2F 0-2: Foul Ball, location: 2F 0-2: Ball 1-2: Foul Ball, location: 2F 1-2: Foul Ball, location: 2F 1-2: Strikes out swinging | Top of the 1st over - 0 runs, 0 hits, 1 error, 1 left on base; Georgia Tech 0 - Arizona State 0 | BOTTOM OF THE 1ST |
---|
Arizona State Sun Devils batting - Pitching for Georgia Tech Yellow Jackets : RHP Greg Watkins | Pitching: RHP Greg Watkins | | Batting: RHB Tim Oliver | 0-0: Called Strike 0-1: Ball 1-1: Ball 2-1: SINGLE (Line Drive, 8LM) | Batting: LHB Juan Guzmán | 0-0: Fly out, F7 (Flyball, 7S) | Batting: SHB Leonardo González | 0-0: Ball 1-0: Called Strike 1-1: Ball Wild Pitch! Tim Oliver to second 2-1: Foul Ball, location: 2F 2-2: Ball 3-2: Strikes out swinging | Batting: SHB Doyle Goodwin | 0-0: Swinging Strike 0-1: SINGLE (Line Drive, 7S) Tim Oliver to third | Batting: SHB Paul Davenport | 0-0: Ball 1-0: Ball 2-0: Called Strike 2-1: Reached on error, E3 (Groundball, 34) Tim Oliver scores Doyle Goodwin to second | Batting: RHB Arturo Ruíz | 0-0: Called Strike 0-1: Foul Ball, location: 2F 0-2: Ball 1-2: Ground out 4-3 (Groundball, 4) | Bottom of the 1st over - 1 run, 2 hits, 1 error, 2 left on base; Georgia Tech 0 - Arizona State 1 | TOP OF THE 2ND |
---|
Georgia Tech Yellow Jackets batting - Pitching for Arizona State Sun Devils : LHP Mike Drake | Batting: LHB José Martínez | 0-0: Swinging Strike 0-1: Foul Ball, location: 2F 0-2: Foul Ball, location: 2F 0-2: Ball 1-2: Fly out, F3 (Line Drive, 3) | Batting: RHB Chris Martínez | 0-0: Ball 1-0: Called Strike 1-1: Foul Ball, location: 2F 1-2: Strikes out swinging | Batting: RHB Paul Neal | 0-0: SINGLE (Flyball, 8LS) | Batting: LHB Ángelo Gutiérrez | 0-0: Called Strike 0-1: Foul Ball, location: 2F 0-2: Ball 1-2: Ball 2-2: Strikes out looking | Top of the 2nd over - 0 runs, 1 hit, 0 errors, 1 left on base; Georgia Tech 0 - Arizona State 1 | BOTTOM OF THE 2ND |
---|
Arizona State Sun Devils batting - Pitching for Georgia Tech Yellow Jackets : RHP Greg Watkins | Batting: LHB José Serrano | 0-0: Ball 1-0: Called Strike 1-1: Ball 2-1: Ball 3-1: SINGLE (Groundball, 6D) | Batting: LHB Werner Fisher | 0-0: Fly out, F7 (Line Drive, 78M) | Batting: LHB Christian Lindsey | 0-0: Ball Passed Ball! José Serrano to second 1-0: Foul Ball, location: 2F 1-1: SINGLE (Groundball, 6S) (infield hit) José Serrano to third | Batting: RHB Tim Oliver | 0-0: Ball 1-0: Ball 2-0: Fly out, F9 (Flyball, 89M) Runner from 3rd tags up, SCORES, throw made | Batting: LHB Juan Guzmán | 0-0: Ball 1-0: Foul Ball, location: 2F 1-1: Called Strike 1-2: Foul Ball, location: 2F 1-2: Strikes out swinging | Bottom of the 2nd over - 1 run, 2 hits, 0 errors, 1 left on base; Georgia Tech 0 - Arizona State 2 | TOP OF THE 3RD |
---|
Georgia Tech Yellow Jackets batting - Pitching for Arizona State Sun Devils : LHP Mike Drake | Batting: RHB Mark Buchanan | 0-0: Swinging Strike 0-1: Reached on error, E5 (Groundball, 56S) | Batting: RHB Pat Gibson | 0-0: Ball 1-0: Ball 2-0: Ball 3-0: Called Strike 3-1: Ground out 6-3 (Groundball, 6D) Mark Buchanan to third | Batting: RHB Reed Brown | 0-0: Ball 1-0: Called Strike 1-1: Called Strike 1-2: Ball 2-2: Ball 3-2: Base on Balls | Batting: LHB Tomás Gonsáles | 0-0: Called Strike 0-1: Foul Ball, location: 2F 0-2: Foul Ball, location: 2F 0-2: Strikes out swinging | Batting: RHB David Boyle | 0-0: Called Strike 0-1: Foul Ball, location: 2F 0-2: Strikes out swinging | Top of the 3rd over - 0 runs, 0 hits, 1 error, 2 left on base; Georgia Tech 0 - Arizona State 2 | BOTTOM OF THE 3RD |
---|
Arizona State Sun Devils batting - Pitching for Georgia Tech Yellow Jackets : RHP Greg Watkins | Batting: SHB Leonardo González | 0-0: Ball 1-0: Ball 2-0: SINGLE (Groundball, 4MD) | Batting: SHB Doyle Goodwin | 0-0: Ball 1-0: Ball 2-0: Called Strike 2-1: Fly out, F8 (Flyball, 8LM) | Batting: SHB Paul Davenport | 0-0: Swinging Strike 0-1: Ball 1-1: Foul Ball, location: 2F 1-2: Foul Ball, location: 2F 1-2: Ball 2-2: Ball 3-2: Strikes out looking | Batting: RHB Arturo Ruíz | 0-0: Ball 1-0: Called Strike 1-1: Foul Ball, location: 2F 1-2: Ball 2-2: Ground out U3 (Groundball, 2R) | Bottom of the 3rd over - 0 runs, 1 hit, 0 errors, 1 left on base; Georgia Tech 0 - Arizona State 2 | TOP OF THE 4TH |
---|
Georgia Tech Yellow Jackets batting - Pitching for Arizona State Sun Devils : LHP Mike Drake | Batting: LHB José Martínez | 0-0: Ball 1-0: Foul Ball, location: 2F 1-1: Foul Ball, location: 2F 1-2: SINGLE (Line Drive, 34) | Batting: RHB Chris Martínez | 0-0: Ball José Martínez steals 2nd base 1-0: Ball 2-0: Called Strike 2-1: Ball 3-1: Called Strike 3-2: Strikes out swinging | Batting: RHB Paul Neal | 0-0: Swinging Strike 0-1: Ball 1-1: Called Strike 1-2: Strikes out looking | Batting: LHB Ángelo Gutiérrez | 0-0: Swinging Strike 0-1: Foul Ball, location: 2F 0-2: Strikes out looking | Top of the 4th over - 0 runs, 1 hit, 0 errors, 1 left on base; Georgia Tech 0 - Arizona State 2 | BOTTOM OF THE 4TH |
---|
Arizona State Sun Devils batting - Pitching for Georgia Tech Yellow Jackets : RHP Greg Watkins | Batting: LHB José Serrano | 0-0: Foul Ball, location: 2F 0-1: Ball 1-1: Foul Ball, location: 2F 1-2: Ground out U3 (Groundball, 3L) | Batting: LHB Werner Fisher | 0-0: Foul Ball, location: 2F 0-1: Ball 1-1: Called Strike 1-2: Fly out, F8 (Flyball, 8RM) | Batting: LHB Christian Lindsey | 0-0: Called Strike 0-1: Called Strike 0-2: Ground out 5-3 (Groundball, 56) | Bottom of the 4th over - 0 runs, 0 hits, 0 errors, 0 left on base; Georgia Tech 0 - Arizona State 2 | TOP OF THE 5TH |
---|
Georgia Tech Yellow Jackets batting - Pitching for Arizona State Sun Devils : LHP Mike Drake | Batting: RHB Mark Buchanan | 0-0: Fly out, F9 (Flyball, 9LS) | Batting: RHB Pat Gibson | 0-0: Ground out 1-3 (Groundball, P) | Batting: RHB Reed Brown | 0-0: Foul Ball, location: 2F 0-1: Ball 1-1: Swinging Strike 1-2: Ball 2-2: Strikes out swinging | Top of the 5th over - 0 runs, 0 hits, 0 errors, 0 left on base; Georgia Tech 0 - Arizona State 2 | BOTTOM OF THE 5TH |
---|
Arizona State Sun Devils batting - Pitching for Georgia Tech Yellow Jackets : RHP Greg Watkins | Batting: RHB Tim Oliver | 0-0: Swinging Strike 0-1: Ball 1-1: Foul Ball, location: 2F 1-2: Ball 2-2: Foul Ball, location: 2F 2-2: Foul Ball, location: 2F 2-2: Ball 3-2: Foul Ball, location: 2F 3-2: Fly out, F8 (Flyball, 8LS) | Batting: LHB Juan Guzmán | 0-0: Ball 1-0: Foul Ball, location: 2F 1-1: Foul Ball, location: 2F 1-2: Ball 2-2: Ball 3-2: Fly out, F6 (Popup, 6MS) | Batting: SHB Leonardo González | 0-0: Ball 1-0: Called Strike 1-1: Ball 2-1: Swinging Strike 2-2: Fly out, F8 (Flyball, 8RD) | Bottom of the 5th over - 0 runs, 0 hits, 0 errors, 0 left on base; Georgia Tech 0 - Arizona State 2 | TOP OF THE 6TH |
---|
Georgia Tech Yellow Jackets batting - Pitching for Arizona State Sun Devils : LHP Mike Drake | Batting: LHB Tomás Gonsáles | 0-0: Swinging Strike 0-1: Called Strike 0-2: Strikes out swinging | Pitching: RHP Matt Warren | | Batting: RHB David Boyle | 0-0: Called Strike 0-1: Swinging Strike 0-2: Strikes out swinging | Batting: LHB José Martínez | 0-0: Ball 1-0: Ball 2-0: Ball 3-0: Base on Balls | Batting: RHB Chris Martínez | 0-0: Called Strike 0-1: Ball 1-1: Ball 2-1: Ground out 4-3 (Groundball, 34) | Top of the 6th over - 0 runs, 0 hits, 0 errors, 1 left on base; Georgia Tech 0 - Arizona State 2 | BOTTOM OF THE 6TH |
---|
Arizona State Sun Devils batting - Pitching for Georgia Tech Yellow Jackets : RHP Greg Watkins | Pitching: RHP Domingo Díaz | | Batting: SHB Doyle Goodwin | 0-0: Ball 1-0: Foul Ball, location: 2F 1-1: Ball 2-1: Ground out 5-3 (Groundball, 56) | Batting: SHB Paul Davenport | 0-0: Ground out 4-3 (Groundball, 4M) | Batting: RHB Arturo Ruíz | 0-0: Foul Ball, location: 2F 0-1: Called Strike 0-2: Strikes out swinging | Bottom of the 6th over - 0 runs, 0 hits, 0 errors, 0 left on base; Georgia Tech 0 - Arizona State 2 | TOP OF THE 7TH |
---|
Georgia Tech Yellow Jackets batting - Pitching for Arizona State Sun Devils : RHP Matt Warren | Batting: RHB Paul Neal | 0-0: Called Strike 0-1: Foul Ball, location: 2F 0-2: Ball 1-2: Ball 2-2: Ball 3-2: Strikes out swinging | Batting: LHB Ángelo Gutiérrez | 0-0: Ball 1-0: Called Strike 1-1: Swinging Strike 1-2: Strikes out looking | Batting: RHB Mark Buchanan | 0-0: Called Strike 0-1: Called Strike 0-2: Single, Error in OF, E8, batter to second base | Batting: RHB Pat Gibson | 0-0: Called Strike 0-1: Fly out, F8 (Line Drive, 8RM) | Top of the 7th over - 0 runs, 1 hit, 1 error, 1 left on base; Georgia Tech 0 - Arizona State 2 | BOTTOM OF THE 7TH |
---|
Arizona State Sun Devils batting - Pitching for Georgia Tech Yellow Jackets : RHP Domingo Díaz | Batting: LHB José Serrano | 0-0: Called Strike 0-1: Ball 1-1: Ground out 4-3 (Groundball, 4) | Batting: LHB Werner Fisher | 0-0: Ground out 4-3 (Groundball, 4S) | Batting: LHB Christian Lindsey | 0-0: Swinging Strike 0-1: Called Strike 0-2: Ball 1-2: Strikes out swinging | Bottom of the 7th over - 0 runs, 0 hits, 0 errors, 0 left on base; Georgia Tech 0 - Arizona State 2 | TOP OF THE 8TH |
---|
Georgia Tech Yellow Jackets batting - Pitching for Arizona State Sun Devils : RHP Matt Warren | Batting: RHB Reed Brown | 0-0: Foul Ball, location: 2F 0-1: Swinging Strike 0-2: Ground out 6-3 (Groundball, 6) | Batting: LHB Tomás Gonsáles | 0-0: Ball 1-0: Called Strike 1-1: Foul Ball, location: 2F 1-2: SINGLE (Line Drive, 4) | Batting: RHB David Boyle | 0-0: Foul Ball, location: 2F 0-1: Swinging Strike 0-2: Foul Ball, location: 2F 0-2: Ground out 5-3 (Groundball, 5S) Tomás Gonsáles to second | Batting: LHB José Martínez | 0-0: Called Strike 0-1: Foul Ball, location: 2F 0-2: Strikes out looking | Top of the 8th over - 0 runs, 1 hit, 0 errors, 1 left on base; Georgia Tech 0 - Arizona State 2 | BOTTOM OF THE 8TH |
---|
Arizona State Sun Devils batting - Pitching for Georgia Tech Yellow Jackets : RHP Domingo Díaz | Batting: RHB Tim Oliver | 0-0: Ball 1-0: Ball 2-0: SINGLE (Line Drive, 5L) | Batting: LHB Juan Guzmán | 0-0: Ball 1-0: Ball 2-0: Sac Bunt - play at first, batter OUT! 1-4 Tim Oliver to second | Batting: SHB Leonardo González | 0-0: Intentional Walk | Batting: SHB Doyle Goodwin | 0-0: Ball 1-0: Fly out, F9 (Flyball, 9) | Batting: SHB Paul Davenport | 0-0: Swinging Strike 0-1: Ball 1-1: Called Strike 1-2: Strikes out swinging | Bottom of the 8th over - 0 runs, 1 hit, 0 errors, 2 left on base; Georgia Tech 0 - Arizona State 2 | TOP OF THE 9TH |
---|
Georgia Tech Yellow Jackets batting - Pitching for Arizona State Sun Devils : RHP Matt Warren | Batting: RHB Chris Martínez | 0-0: Called Strike 0-1: Ball 1-1: Ball 2-1: Foul Ball, location: 2F 2-2: Strikes out looking | Batting: RHB Paul Neal | 0-0: Called Strike 0-1: Swinging Strike 0-2: Ball 1-2: Ball 2-2: SINGLE (Line Drive, 3D) | Batting: LHB Ángelo Gutiérrez | 0-0: Ground out U3 (Groundball, 3S) Paul Neal to second | Batting: RHB Mark Buchanan | 0-0: Called Strike 0-1: Swinging Strike 0-2: Strikes out looking | Top of the 9th over - 0 runs, 1 hit, 0 errors, 1 left on base; Georgia Tech 0 - Arizona State 2 | |